Map: Dusk Towers

Players

Miszu - Winner!

  • Race: Terran Terran

EmmaWatson

  • Race: Protoss Protoss
  • League: Master

VOD

Have the link to the VOD?

Description

Time

  • Played on: April 1, 2016, 3:15 p.m.
  • Length: 3:28
Show
View Real Time Build Order
Export as new Build Order

Miszu Terran - Winner!

Build Orders:  

Get SALT Encoding   

  12  0:01  SCV  
  13  0:13  SCV  
  14  0:24  Supply Depot  
  14  0:25  SCV  
  15  0:49  Barracks  
  15  0:58  Barracks  
  15  1:09  Barracks  
  15  1:36  Marine  
  15  1:37  Barracks  
  16  1:45  Marine  
  16  1:47  Supply Depot  
  17  1:54  Marine  
  17  1:57  Marine  
  19  2:03  Marine  
  20  2:12  Marine  
  20  2:14  Marine  
  22  2:21  Marine  
  23  2:30  Marine x2  
  23  2:32  Marine  
  23  2:39  Marine  
  23  2:43  Supply Depot  
  24  2:47  Marine  
  24  2:48  Marine  
  24  2:50  Marine  
  27  2:57  Marine  
  25  3:05  Marine x2  
  22  3:08  Marine  
Show
View Real Time Build Order
Export as new Build Order

EmmaWatson Protoss 

Build Orders:  

Get SALT Encoding   

  12  0:00  Probe (Chrono Boost)  
  13  0:11  Probe (Chrono Boost)  
  14  0:17  Pylon  
  14  0:24  Probe (Chrono Boost)  
  15  0:36  Probe (Chrono Boost)  
  15  0:38  Gateway  
  16  0:46  Probe (Chrono Boost), Assimilator  
  17  0:54  Pylon  
  17  0:58  Probe (Chrono Boost)  
  18  1:08  Probe (Chrono Boost)  
  19  1:13  Gateway  
  19  1:19  Probe (Chrono Boost)  
  20  1:27  Cybernetics Core  
  20  1:36  Zealot (Chrono Boost)  
  22  1:48  Pylon  
  22  1:50  Probe  
  23  2:03  Mothership Core (Chrono Boost)  
  23  2:05  Adept  
  27  2:15  Forge  
  27  2:19  Stalker (Chrono Boost)  
  28  2:50  Photon Cannon  
  28  2:51  Photon Cannon  
  16  3:08  Probe (Chrono Boost)  
Tags
 
League
Master
Matchup
PvT
Player
Miszu
Add a new tag
Caveats
  • Supply blocks, unpowered buildings, or Contaminate may cause inaccurate times.
  • Supply counts are checked every 10 seconds.